 Dungeon Crawl Stone Soup version 0.23.0-3-gf3c87f2 (webtiles) character file.

Game seed: 12410265777740678151

546 ohad the Changer (level 7, -3/43 HPs)
             Began as an Octopode Transmuter on Feb 21, 2019.
             Slain by a worker ant (7 damage)
             ... on level 4 of the Dungeon.
             The game lasted 00:08:24 (4605 turns).

ohad the Changer (Octopode Transmuter)              Turns: 4605, Time: 00:08:25

Health: -3/43      AC:  1    Str:  9    XL:     7   Next: 28%
Magic:  10/10      EV: 13    Int: 19    God:
Gold:   182        SH:  0    Dex: 13    Spells: 4/10 levels left

rFire    . . .     SeeInvis .   f - +2 whip (elec)
rCold    . . .     Gourm    .   (no shield)
rNeg     . . .     Faith    .   (helmet restricted)
rPois    .         Spirit   .   n - amulet of inaccuracy (curse)
rElec    .         Reflect  .   i - +2 ring of intelligence
rCorr    .         Harm     .   (no ring)
MR       .....                  (no ring)
Stlth    ++........             (no ring)
HPRegen  0.14/turn              (no ring)
MPRegen  0.12/turn              (no ring)
                                (no ring)
                                (no ring)

@: no status effects
A: almost no armour, stealthy swim, amphibious, 8 rings, constrict 8, camouflage
1, gelatinous body 1
a: no special abilities


You were on level 4 of the Dungeon.
You were hungry.

You visited 1 branch of the dungeon, and saw 4 of its levels.

You collected 182 gold pieces.

Inventory:

Hand Weapons
 f - a +2 whip of electrocution (weapon)
Missiles
 a - 42 arrows
 e - 5 javelins of penetration (quivered)
Jewellery
 i - a +2 ring of intelligence (left tentacle)
 n - a cursed amulet of inaccuracy (around mantle)
Wands
 b - a wand of flame (8)
 j - a wand of acid (9)
Potions
 d - 4 potions of degeneration
 g - a potion of agility {unknown}
 h - 4 potions of curing
 l - a potion of heal wounds {unknown}
Comestibles
 c - 4 rations


   Skills:
 - Level 1.0 Fighting
 - Level 2.0 Dodging
 - Level 3.2 Unarmed Combat
 - Level 2.0 Spellcasting
 + Level 7.6 Transmutations


You had 4 spell levels left.
You knew the following spells:

 Your Spells              Type           Power        Failure   Level  Hunger
a - Beastly Appendage     Tmut           ####..       1%          1    #......
b - Sticks to Snakes      Tmut           ####....     1%          2    ###....
c - Spider Form           Tmut/Pois      ###.......   11%         3    ###....

Your spell library contained the following spells:

 Spells                   Type           Power        Failure   Level  Hunger
 Ice Form                 Ice/Tmut       ###.....     34%         4    #####..
 Blade Hands              Tmut           ####......   21%         5    ######.


Dungeon Overview and Level Annotations

Branches:
Dungeon (4/15)
 Temple: D:4-7

Altars:
Uskayaw

Annotations:
D:4 Dowan


Innate Abilities, Weirdness & Mutations

You cannot wear most types of armour.
You are very stealthy in the water. (Stealth+)
You are amphibious.
You can wear up to eight rings at the same time.
You can use your tentacles to constrict eight enemies at once.
Your skin changes colour to match your surroundings (Stealth+).
Your rubbery body absorbs attacks. (AC +1, EV +1)


Message History

Dowan casts a spell.
Dowan blinks!
There is an open door here.
Dowan casts a spell.
Dowan blinks!
The worker ant closely misses you.
Dowan says, "Magic will overcome all!"
Dowan shakes with grief.
Dowan points at you and mumbles some strange words.
The stone arrow hits you!
* * * LOW HITPOINT WARNING * * *
There is an open door here.
The worker ant barely misses you.
Dowan casts a spell.
Dowan blinks!
Dowan casts a spell.
Dowan blinks!
The worker ant misses you.
There is a stone staircase leading up here.
The worker ant bites you!
You die...

### #@#
#..####a########
................
##.####.########
. ### #.# #### ..
.....####.#####..
..
.............[#.#
#.
#########.###.#.#
#..
########'###...#


You could see a worker ant.

Vanquished Creatures
  Sigmund (D:2)
  Duvessa (D:4)
  A centaur (D:4)
  An orc priest (D:3)
  Terence (D:2)
  A hound skeleton (D:4)
  Robin (D:3)
  3 adders (D:3)
  A worm (D:2)
  A dart slug (D:3)
  2 leopard geckos (D:1)
  5 orcs (D:3)
  13 goblins
  16 hobgoblins
  10 jackals
  4 kobolds
  3 quokkas
  2 ball pythons
  7 bats
  3 frilled lizards
  7 rats
84 creatures vanquished.

Notes
Turn   | Place    | Note
-------+----------+-------------------------------------------
     0 | D:1      | ohad the Octopode Transmuter began the quest for the Orb.
     0 | D:1      | Reached XP level 1. HP: 13/13 MP: 3/3
   128 | D:1      | Reached XP level 2. HP: 18/18 MP: 3/5
   514 | D:1      | Reached skill level 3 in Transmutations
   514 | D:1      | Reached XP level 3. HP: 13/23 MP: 4/6
   787 | D:2      | Noticed Terence
   793 | D:1      | Learned a level 2 spell: Sticks to Snakes
   797 | D:1      | Learned a level 3 spell: Spider Form
   909 | D:2      | Killed Terence
  1285 | D:2      | Reached XP level 4. HP: 28/28 MP: 5/7
  1476 | D:2      | Reached skill level 4 in Transmutations
  1700 | D:2      | Noticed Sigmund
  1730 | D:2      | Killed Sigmund
  1730 | D:2      | Reached skill level 5 in Transmutations
  1730 | D:2      | Reached XP level 5. HP: 15/33 MP: 2/8
  1730 | D:2      | Reached XP level 6. HP: 18/38 MP: 2/9
  2676 | D:3      | Reached skill level 6 in Transmutations
  3316 | D:3      | Noticed Robin
  3347 | D:3      | Killed Robin
  3987 | D:3      | Found a hide-covered altar of Uskayaw.
  4271 | D:4      | Reached skill level 7 in Transmutations
  4543 | D:4      | Reached XP level 7. HP: 42/43 MP: 10/10
  4550 | D:4      | Noticed Duvessa
  4581 | D:4      | Noticed Dowan
  4587 | D:4      | Killed Duvessa
  4596 | D:4      | HP: 2/43 [Dowan/stone arrow (11)]
  4605 | D:4      | Slain by a worker ant

Skill      XL: |  1  2  3  4  5  6 |
---------------+-------------------+-----
Transmutations | 3 5 7 |  7.6
Fighting       | |  1.0
Dodging        | |  2.0
Unarmed Combat | |  3.2
Spellcasting   | |  2.0

Action                   |  1- 3 |  4- 6 |  7- 9 || total
-------------------------+-------+-------+-------++-------
Melee: Unarmed           |    60 |   155 |       ||   215
       Constrict         |    15 |    20 |     1 ||    36
       Kick              |    12 |     7 |       ||    19
       Tentacles         |     6 |     4 |     1 ||    11
       Punch             |     1 |     1 |       ||     2
       Whip              |       |    10 |     5 ||    15
 Cast: Beastly Appendage |    12 |     9 |       ||    21
       Spider Form       |     1 |    14 |       ||    15
  Use: Scroll            |       |     4 |       ||     4
 Stab: Sleeping          |       |     4 |       ||     4
  Eat: Chunk             |     2 |    12 |       ||    14
Armor: Skin              |     9 |     9 |       ||    18
Dodge: Dodged            |    56 |   129 |     5 ||   190
